 Dungeon Crawl Stone Soup version 0.18-a0-705-g580043c (webtiles) character file.

30 Duffy the Chopper (level 3, 33/33 HPs)
             Began as a Minotaur Berserker on Dec 7, 2015.
             Was a Believer of Trog.
             Quit the game on level 2 of the Dungeon.
             The game lasted 00:01:14 (1133 turns).

Duffy the Chopper (Minotaur Berserker)              Turns: 1133, Time: 00:01:14

Health: 33/33      AC:  7    Str: 22    XL:     3   Next: 5%
Magic:  2/2        EV: 11    Int:  4    God:    Trog [**....]
Gold:   42         SH:  0    Dex:  9    Spells: 0 memorised, 2 levels left

rFire  . . .     SeeInvis .     a - +0 hand axe
rCold  . . .     Clarity  .     d - +0 ring mail
rNeg   . . .     SustAt   .     (no shield)
rPois  .         Gourm    .     (helmet restricted)
rElec  .         Spirit   .     e - +1 cloak
rCorr  .         Dismiss  .     (no gloves)
rMut   .         Stasis   .     (no boots)
MR     .....                    o - amulet of inaccuracy
Stlth  ..........               (no ring)
                                (no ring)

@: about to teleport, not resistant to hostile enchantments, extremely
unstealthy
A: retaliatory headbutt, horns 2
a: Berserk, Trog's Hand, Burn Spellbooks, Renounce Religion


You were on level 2 of the Dungeon.
You worshipped Trog.
Trog was pleased with you.
You were not hungry.

You visited 1 branch of the dungeon, and saw 2 of its levels.

You collected 42 gold pieces.


Innate Abilities, Weirdness & Mutations

You reflexively headbutt those who attack you in melee.
You have a pair of horns on your head.


   Skills:
 - Level 3.8 Fighting
 + Level 4.8 Axes
 - Level 2.4 Armour
 - Level 2.4 Dodging


You had 2 spell levels left.
You didn't know any spells.

Inventory:

Hand Weapons
 a - a +0 hand axe (weapon)
Armour
 b - a +0 animal skin
 d - a +0 ring mail (worn)
 e - a +1 cloak (worn)
Jewellery
 g - an uncursed amulet of resist corrosion
 o - an amulet of inaccuracy (around neck)
Scrolls
 k - a scroll of random uselessness
Potions
 h - a potion of brilliance {unknown}
 n - a potion of mutation {unknown}
Comestibles
 c - 2 bread rations
 f - a royal jelly
 j - a meat ration
 m - a beef jerky

Dungeon Overview and Level Annotations

Branches:
Dungeon (2/15)

Altars:


Message History

No target in view!
No target in view!
No target in view!
No target in view!
You see here a rat corpse.
You butcher the rat corpse.
o - a chunk of flesh Eating a chunk of flesh.
This raw flesh tastes terrible.
You continue eating. x2
Found 31 stones.
No target in view!
A bat comes into view.
The bat closely misses you. You furiously retaliate!
You headbutt the bat, but do no damage.
Found a square ruby amulet.
You closely miss the bat. You headbutt the bat.
You kill the bat!
Trog accepts your kill.
You see here a bat corpse.
o - a square ruby amulet Put on which piece of jewellery? (? for menu, Esc to quit)
You remove your amulet of resist corrosion.
Oops, that amulet feels deathly cold.
o - a cursed amulet of inaccuracy (around neck) Read which item? (? for menu, Esc to quit)
As you read the scroll labeled KUPHAPTEAPS, it crumbles to dust.
The dust glows dull red!
It was a scroll of random uselessness.
Read which item? (? for menu, Esc to quit)
As you read the scroll labeled ENIETYLORR, it crumbles to dust.
You feel strangely unstable.
It was a scroll of teleportation.
Read which item? (? for menu, Esc to quit)
As you read the scroll labeled GUWAPS JE PAO, it crumbles to dust.
You feel as if something is helping you.
It was a scroll of remove curse.
Are you sure you want to abandon this character and quit the game? (Confirm with "yes".)

#.# #.# ##.##
#.# #.# #.# #.#
#.# #.#
###.####.####.#
#.............#
#.#.####..#####
##.### ##.#
#...######.#
......#.%.@..#.#
....#...####.#.#
#...###.## #.#
##.# #. #.# #.
#. #.# # ##


There were no monsters in sight!

Action                   || total
-------------------------++-------
Melee: Hand axe          ||    55
  Use: Scroll            ||     3
  Eat: Chunk             ||     1

Notes
Turn   | Place    | Note
--------------------------------------------------------------
     0 | D:1      | Duffy the Minotaur Berserker began the quest for the Orb.
     0 | D:1      | Reached XP level 1. HP: 19/19 MP: 0/0
   408 | D:1      | Reached XP level 2. HP: 27/27 MP: 1/1
   463 | D:1      | Reached skill level 4 in Axes
   887 | D:1      | Reached ** piety under Trog
   968 | D:1      | Reached XP level 3. HP: 33/33 MP: 2/2
  1133 | D:2      | Quit the game

Vault maps used:
D:1:      dpeg_arrival_tiny_g

Vanquished Creatures
  An ooze
  7 bats
  4 hobgoblins
  3 kobolds
  3 giant cockroaches
  A giant newt
  2 goblins
  6 rats
27 creatures vanquished.
